 Dungeon Crawl Stone Soup version 0.20.1-1-g8b1a95d (webtiles) character file.

41 sanboga the Sneak (level 3, -3/25 HPs)
             Began as a Formicid Wanderer on Jan 2, 2018.
             Was an Initiate of Hepliaklqana.
             Slain by Sigmund
             ... wielding a +0 scythe
              (10 damage)
             ... on level 2 of the Dungeon.
             The game lasted 00:04:21 (902 turns).

sanboga the Sneak (Formicid Wanderer)                Turns: 902, Time: 00:04:22

Health: -3/25      AC:  2    Str: 18    XL:     3   Next: 75%
Magic:  3/3        EV: 12    Int:  9    God:    Hepliaklqana [......]
Gold:   54         SH:  0    Dex: 11    Spells: 2/2 levels left

rFire    . . .     SeeInvis +   i - +0 spear
rCold    . . .     Gourm    .   (no shield)
rNeg     . . .     Faith    .   d - +0 robe
rPois    .         Spirit   .   (helmet unavailable)
rElec    .         Reflect  .   (no cloak)
rCorr    .         Harm     .   (no gloves)
MR       .....                  (no boots)
Stlth    ++........             (no amulet)
Regen    0.1/turn               (no ring)
MPRegen  0.1/turn               (no ring)

@: no status effects
A: permanent stasis, dig shafts and tunnels, four strong arms, reduced essence,
antennae 3
a: Dig, Shaft Self, Recall Ancestor, Ancestor Identity, Renounce Religion


You were on level 2 of the Dungeon.
You worshipped Hepliaklqana.
Hepliaklqana was noncommittal.
You were not hungry.

You visited 1 branch of the dungeon, and saw 2 of its levels.

You collected 54 gold pieces.

Inventory:

Hand Weapons
 a - a +2 hand axe
 i - a +0 spear (weapon)
Armour
 d - a +0 robe (worn)
Potions
 b - a potion of might
 c - a potion of curing
Comestibles
 f - a bread ration


   Skills:
 + Level 2.5 Fighting
   Level 1.0 Long Blades
 + Level 2.6 Axes
 + Level 0.2(1.5) Polearms
 + Level 1.1 Armour
 + Level 1.5 Dodging
 + Level 4.4 Stealth


You had 2 spell levels left.
You didn't know any spells.

Dungeon Overview and Level Annotations

Branches:
Dungeon (2/15)

Altars:
Ashenzari
Dithmenos
Hepliaklqana
Kikubaaqudgha
Sif Muna
The Shining One

Annotations:
D:2 Sigmund


Innate Abilities, Weirdness & Mutations

You cannot be hasted, slowed, berserked, paralysed or teleported.
You can dig through walls and to a lower floor.
Your four strong arms can wield two-handed weapons with a shield.
You have a pair of large antennae on your head. (SInv)
Your life essence is reduced to manifest your ancestor. (-10% HP)


Message History

There is a stone staircase leading down here.
You climb downwards.
There is a stone staircase leading up here.
Sigmund the Dreaded comes into view.
He is wielding a scythe.
Sigmund points at you and mumbles some strange words.
The magic dart hits you!
You hit Sigmund.
Sigmund is lightly wounded.
Sigmund hits you with a scythe!
You completely miss Sigmund.
Sigmund is lightly wounded.
Sanboga returned hits Sigmund.
Sigmund hits you with a scythe.
* * * LOW HITPOINT WARNING * * *
You hit Sigmund.
Sigmund is lightly wounded.
Sanboga returned hits Sigmund.
You hit Sigmund.
Sigmund is moderately wounded.
Sigmund hits you with a scythe!
You die...

.................#
...###........##.#
#.............##.##
.#......######..#
........# ##.#
##.#......# #.# #
##..#......# #.#
###.##..##..R@..#
#.#
#.....%.....@...#
#.#
........#########
#.# ..........##
#.#
.###....#..######
#.#
#.#####......#####
#.# #.
######.....###.# #
#####.....# #######
{


You could see the friendly Sanboga returned the ancestor and Sigmund.

Vanquished Creatures
  A gnoll (D:1)
  An ooze (D:1)
  A leopard gecko (D:1)
  A giant cockroach (D:1)
  5 goblins (D:1)
  A hobgoblin (D:1)
  A ball python (D:1)
  5 bats
  3 frilled lizards
  3 kobolds
  4 rats
26 creatures vanquished.

Vanquished Creatures (collateral kills)
  A goblin (D:1)
  A rat (D:1)
2 creatures vanquished.

Grand Total: 28 creatures vanquished

Notes
Turn   | Place    | Note
-------+----------+-------------------------------------------
     0 | D:1      | sanboga the Formicid Wanderer began the quest for the Orb.
     0 | D:1      | sanboga set off with: a +2 hand axe, a potion of lignification, a potion of curing, a +0 robe, a +0 dagger, a bread ration
     0 | D:1      | Reached XP level 1. HP: 16/16 MP: 1/1
    28 | D:1      | You fall through a shaft!
    28 | D:2      | Found a deep blue altar of Sif Muna.
    28 | D:2      | Found a shattered altar of Ashenzari.
    28 | D:2      | Found a glowing golden altar of the Shining One.
    28 | D:2      | Found an ancient bone altar of Kikubaaqudgha.
    29 | D:2      | Found a shadowy altar of Dithmenos.
    31 | D:2      | Found a hazy altar of Hepliaklqana.
    56 | D:2      | Reached skill level 4 in Stealth
    86 | D:2      | Became a worshipper of Hepliaklqana the Forgotten
   148 | D:1      | Reached XP level 2. HP: 18/19 MP: 2/2
   247 | D:1      | Reached XP level 3. HP: 19/25 MP: 3/3
   891 | D:2      | Noticed Sigmund
   902 | D:2      | Slain by Sigmund

Skill      XL: |  1 |
---------------+----+-----
Stealth        | 4 |  4.4
Fighting       | |  2.5
Long Blades    | |  1.0
Axes           | |  2.6
Polearms       | |  0.2
Armour         | |  1.1
Dodging        | |  1.5

Action                   || total
-------------------------++-------
Melee: Hand axe          ||    24
       Spear             ||    33
Invok: Ancestor Identity ||     2
 Abil: Shaft Self        ||     1
  Use: Potion            ||     2
       Scroll            ||     2
 Stab: Sleeping          ||     4
Armor: Skin              ||    17
       Robe              ||     3
Dodge: Dodged            ||    24
